[Event "Titled Tuesday Blitz April 25 Early 2023"]
[White "Kuzubov, Yuriy"]
[Black "Caruana, Fabiano"]
[WhiteFideId "14112906"]
[BlackFideId "2020009"]
[WhiteElo "2496"]
[BlackElo "2837"]
[Result "0-1"]
[Round "05"]
[TimeControl "180+2"]
[Date "2023.04.25"]
[WhiteClock "0:00:11"]
[BlackClock "0:00:08"]

1. d4 Nf6 2. c4 e6 3. Nc3 Bb4 4. Qc2 O-O 5. a3 Bxc3+ 6. Qxc3 d5 7. Nf3 dxc4 8. Qxc4 b6 9. Bg5 Ba6 10. Qc1 Nbd7 11. e4 Bxf1 12. Rxf1 Qc8 13. Qc6 h6 14. Bh4 b5 15. Nd2 Rb8 16. f3 Rb6 17. Qc2 c5 18. dxc5 Nxc5 19. Bxf6 gxf6 20. Ke2 Rd8 21. Rfd1 Rc6 22. Rac1 Rdd6 23. Qb1 b4 24. axb4 Qa6+ 25. Nc4 Rxd1 26. Kxd1 Nb3 27. Rc3 Rxc4 28. Rxb3 Qa4 29. Qd3 Rxb4 30. Kc2 Kg7 31. h4 e5 32. h5 a5 33. g4 Rd4 34. Qb5 Qa1 35. Qe2 Qa2 36. Ra3 Qe6 37. Rc3 Qd6 38. Kb1 a4 39. Ka2 Qe6+ 40. Kb1 Qd7 41. Ka2 Qd6 42. Qb5 Qe6+ 43. Kb1 Rd1+ 44. Rc1 Rd4 45. Qc6 Qb3 46. Qc3 Qb5 47. Ka2 Qe2 48. Rc2 Qf1 49. Rc1 Qb5 50. Rc2 Rd3 51. Qc4 Qb3+ 52. Kb1 Rd1+ 53. Rc1 Qxc4 54. Rxd1 Qe2 0-1


[Site "https://www.chess.com"]

[Event "Titled Tuesday Blitz April 25 Early 2023"]
[White "Mamedyarov, Shakhriyar"]
[Black "Zhigalko, Sergei"]
[WhiteFideId "13401319"]
[BlackFideId "13502956"]
[WhiteElo "2704"]
[BlackElo "2626"]
[Result "1-0"]
[Round "05"]
[TimeControl "180+2"]
[Date "2023.04.25"]
[WhiteClock "0:00:18"]
[BlackClock "0:00:01"]

1. d4 Nf6 2. c4 e6 3. Nc3 Bb4 4. g3 O-O 5. Bg2 d6 6. Nf3 Nc6 7. O-O Bxc3 8. bxc3 e5 9. a4 Re8 10. a5 e4 11. Nd2 Bf5 12. Re1 Qd7 13. Nf1 Bh3 14. Bg5 Bxg2 15. Kxg2 Nh5 16. Qa4 h6 17. Bd2 Nf6 18. Ne3 a6 19. Rab1 Rab8 20. Rb2 Ng4 21. Reb1 Nxe3+ 22. Bxe3 Qc8 23. c5 d5 24. c4 dxc4 25. d5 Ne7 26. c6 Nxd5 27. Ba7 b5 28. axb6 Nxb6 29. Bxb6 Rxb6 30. Rxb6 cxb6 31. Rxb6 e3 32. f3 c3 33. c7 Rf8 34. Qc4 c2 35. Qxc2 Qd7 36. Rxa6 Rc8 37. Rc6 Qd2 38. f4 Qe1 39. Kf3 Qf2+ 40. Ke4 Re8+ 41. Kd4 Rc8 42. Rd6 1-0


[Site "https://www.chess.com"]

[Event "Titled Tuesday Blitz April 25 Early 2023"]
[White "Donchenko, Alexander"]
[Black "Moussard, Jules"]
[WhiteFideId "24603295"]
[BlackFideId "642908"]
[WhiteElo "2542"]
[BlackElo "2610"]
[Result "0-1"]
[Round "05"]
[TimeControl "180+2"]
[Date "2023.04.25"]
[WhiteClock "0:01:46"]
[BlackClock "0:01:29"]

1. Nf3 Nf6 2. g3 e6 3. Bg2 d5 4. O-O Be7 5. c4 O-O 6. b3 b6 7. Bb2 Bb7 8. e3 c5 9. Qe2 Nbd7 10. Nc3 dxc4 11. bxc4 Ne4 12. Nxe4 Bxe4 13. d3 Bc6 14. a4 Qc7 15. Bc3 Bf6 16. Bxf6 Nxf6 17. Rfb1 Rab8 18. Qd2 Rfd8 19. Qc3 h6 20. h3 Rd6 21. a5 Rbd8 22. axb6 axb6 23. Ne1 Bxg2 24. Kxg2 h5 25. Ra6 Qb7+ 0-1


[Site "https://www.chess.com"]

[Event "Titled Tuesday Blitz April 25 Early 2023"]
[White "Deac, Bogdan-Daniel"]
[Black "Pultinevicius, Paulius"]
[WhiteFideId "1226380"]
[BlackFideId "12809390"]
[WhiteElo "2649"]
[BlackElo "2529"]
[Result "1-0"]
[Round "05"]
[TimeControl "180+2"]
[Date "2023.04.25"]
[WhiteClock "0:00:07"]
[BlackClock "0:00:03"]

1. Nf3 Nf6 2. c4 e6 3. b3 b6 4. g3 Bb7 5. Bg2 d5 6. cxd5 Bxd5 7. Bb2 c5 8. O-O Be7 9. Nc3 Bb7 10. d4 Nbd7 11. Re1 cxd4 12. Nxd4 Bxg2 13. Kxg2 Ne5 14. f4 Ng6 15. e4 Bc5 16. Na4 Bxd4 17. Qxd4 O-O 18. Rad1 Qc8 19. Qf2 Qc6 20. Bxf6 gxf6 21. Rc1 Qb7 22. Qf3 Rfd8 23. Re2 Rac8 24. Rce1 b5 25. Nb2 Rc7 26. Nd1 Rcd7 27. Nf2 Kg7 28. h4 Ne7 29. g4 Kh8 30. g5 f5 31. h5 Rd4 32. Kg1 Rc8 33. Qe3 Qd7 34. exf5 Nxf5 35. Qe5+ Kg8 36. Ng4 Kf8 37. Qh8+ Ke7 38. Qf6+ Ke8 39. Qxf5 Kd8 40. Qf6+ Kc7 41. Qe5+ Kb7 42. Nf6 Qd8 43. Qxb5+ Ka8 44. Qe5 Rd3 45. Qe4+ Kb8 46. Kg2 Rcc3 47. Qe5+ Ka8 48. Ne4 Qc8 49. Nxc3 Rxc3 50. Qe4+ Kb8 51. Re3 Rc2+ 52. R1e2 Rc1 53. Qe5+ Ka8 54. Qe4+ Kb8 55. Rd2 Qa6 56. Qb4+ Ka8 57. Qe4+ Kb8 58. Red3 Qb6 59. Rd8+ Rc8 60. Rxc8+ Kxc8 61. Qa8+ 1-0


[Site "https://www.chess.com"]

[Event "Titled Tuesday Blitz April 25 Early 2023"]
[White "Svane, Rasmus"]
[Black "Bashirli, Nail"]
[WhiteFideId "4657101"]
[BlackFideId "13406809"]
[WhiteElo "2597"]
[BlackElo "2322"]
[Result "1/2-1/2"]
[Round "05"]
[TimeControl "180+2"]
[Date "2023.04.25"]
[WhiteClock "0:01:58"]
[BlackClock "0:00:11"]

1. Nf3 Nf6 2. g3 d5 3. Bg2 c6 4. O-O Bg4 5. h3 Bxf3 6. Bxf3 Nbd7 7. d3 e5 8. e4 dxe4 9. dxe4 Bc5 10. Nd2 Qe7 11. Qe2 O-O 12. a4 Rfd8 13. Nb3 Bd6 14. Kg2 Nf8 15. Rd1 Ne6 16. Be3 Rd7 17. a5 g6 18. Qc4 a6 19. c3 Rad8 20. Qe2 Bc7 21. Nd2 Bd6 22. b4 Bc7 23. Nc4 Kg7 24. Rxd7 Qxd7 25. Rd1 Qxd1 26. Qxd1 Rxd1 27. Bxd1 Nxe4 1/2-1/2


[Site "https://www.chess.com"]

[Event "Titled Tuesday Blitz April 25 Early 2023"]
[White "Shuvalova, Polina"]
[Black "Chigaev, Maksim"]
[WhiteFideId "24171760"]
[BlackFideId "4108116"]
[WhiteElo "2281"]
[BlackElo "2547"]
[Result "0-1"]
[Round "05"]
[TimeControl "180+2"]
[Date "2023.04.25"]
[WhiteClock "0:00:02"]
[BlackClock "0:00:02"]

1. e4 c5 2. Nf3 e6 3. c3 Nc6 4. d4 d5 5. exd5 Qxd5 6. Na3 Qd8 7. Nc4 Nf6 8. Nce5 cxd4 9. Nxc6 bxc6 10. Qxd4 Qxd4 11. Nxd4 Bb7 12. Be2 Bc5 13. O-O Bxd4 14. cxd4 a5 15. Bf4 Ba6 16. Bf3 Nd5 17. Bxd5 cxd5 18. Rfc1 O-O 19. b3 a4 20. bxa4 Bc4 21. a3 Rxa4 22. Bd6 Rfa8 23. Rab1 h5 24. Bc5 Kh7 25. h4 Ba6 26. Rc3 Rc4 27. Rg3 f6 28. Rb4 Rxb4 29. Bxb4 Rc8 30. Rc3 Bc4 31. f3 Kg6 32. Kf2 Kf5 33. Bc5 Rb8 34. a4 Rb2+ 35. Kg1 e5 36. Ra3 Ba6 37. a5 Rb1+ 38. Kf2 Rd1 39. dxe5 fxe5 40. Rb3 Rd2+ 41. Kg1 Rc2 42. Bf8 d4 43. Bxg7 d3 44. Bh6 d2 45. Bxd2 Rxd2 46. Rb6 Bc4 47. Rh6 Bf7 48. a6 Ra2 49. Rb6 Bc4 50. Rh6 Rxa6 51. Rxh5+ Kf4 52. Rg5 Bd3 53. Rg4+ Ke3 54. Kh2 e4 55. fxe4 Bxe4 56. Kg3 Ra2 57. Kh3 Bf5 58. Kh2 Bxg4 59. Kg3 Bh5 60. Kh3 Ra4 61. g3 Kf3 62. Kh2 Bg4 63. Kh1 Kxg3 64. h5 Ra1# 0-1


[Site "https://www.chess.com"]

[Event "Titled Tuesday Blitz April 25 Early 2023"]
[White "Naroditsky, Daniel"]
[Black "Timofeev, Artyom"]
[WhiteFideId "2026961"]
[BlackFideId "4140419"]
[WhiteElo "2633"]
[BlackElo "2586"]
[Result "1-0"]
[Round "05"]
[TimeControl "180+2"]
[Date "2023.04.25"]
[WhiteClock "0:00:04"]
[BlackClock "0:00:08"]

1. d4 Nf6 2. Nc3 d5 3. Bf4 e6 4. Nb5 Na6 5. e3 Be7 6. Nf3 O-O 7. h4 c6 8. Nc3 b5 9. a3 b4 10. axb4 Nxb4 11. h5 c5 12. h6 g6 13. Nb5 cxd4 14. exd4 Qb6 15. c3 Nc6 16. Bd3 a6 17. Qe2 Bd7 18. Na3 Na5 19. Ne5 Bb5 20. Nxb5 axb5 21. O-O Nc4 22. Bg5 Qd6 23. b3 Na3 24. Bf4 Qb6 25. Qe3 b4 26. cxb4 Nb5 27. Bg5 Rxa1 28. Rxa1 Qxd4 29. Qxd4 Nxd4 30. Ra7 Bd8 31. b5 Ne4 32. Bxd8 Rxd8 33. Rxf7 Nd6 34. Rg7+ Kh8 35. Bxg6 N4xb5 36. Bxh7 1-0


[Site "https://www.chess.com"]

[Event "Titled Tuesday Blitz April 25 Early 2023"]
[White "Kevlishvili, Robby"]
[Black "Firouzja, Alireza"]
[WhiteFideId "1040634"]
[BlackFideId "12573981"]
[WhiteElo "2572"]
[BlackElo "2904"]
[Result "1-0"]
[Round "05"]
[TimeControl "180+2"]
[Date "2023.04.25"]
[WhiteClock "0:00:11"]
[BlackClock "0:00:04"]

1. e4 c5 2. Nf3 d6 3. d4 cxd4 4. Nxd4 Nf6 5. Nc3 a6 6. Be3 Ng4 7. Bc1 Nf6 8. Be3 e6 9. a3 h5 10. f4 Qc7 11. Be2 Be7 12. O-O Nc6 13. f5 Ne5 14. fxe6 fxe6 15. h3 Bd7 16. Qe1 h4 17. Nf3 O-O-O 18. Nxe5 dxe5 19. Qf2 Rdf8 20. Bb6 Qc6 21. Qe3 Be8 22. a4 Nd7 23. Ba7 Bg6 24. Kh1 Nf6 25. Bf3 Bh7 26. Rad1 Rd8 27. Bb6 Rxd1 28. Rxd1 Nd7 29. Ba7 b6 30. a5 bxa5 31. Bg4 Kb7 32. Rxd7+ Qxd7 33. Qb6+ Ka8 34. Bxe6 Bc5 35. Bxd7 Bxb6 36. Bxb6 Rf8 37. Kg1 Rf6 38. Bxa5 Rd6 39. Bg4 Rd2 40. Na4 Rxc2 41. Bf3 Kb7 42. Bc3 Kc6 43. Bxe5 Bg8 44. Bxg7 Bb3 45. e5+ Kc7 46. Nc3 Rxb2 47. Nd5+ Bxd5 48. Bxd5 Rd2 49. Bf7 Kd7 50. Bf6 Re2 51. e6+ Kd6 52. e7 Rxe7 53. Bxe7+ Kxe7 54. Ba2 Kf6 55. Kf2 Kg5 56. Kf3 a5 57. Bb3 1-0


[Site "https://www.chess.com"]

[Event "Titled Tuesday Blitz April 25 Early 2023"]
[White "Bluebaum, Matthias"]
[Black "Indjic, Aleksandar"]
[WhiteFideId "24651516"]
[BlackFideId "911925"]
[WhiteElo "2638"]
[BlackElo "2614"]
[Result "1/2-1/2"]
[Round "05"]
[TimeControl "180+2"]
[Date "2023.04.25"]
[WhiteClock "0:00:25"]
[BlackClock "0:00:32"]

1. d4 d5 2. c4 c6 3. Nf3 Nf6 4. Nc3 e6 5. Qc2 Nbd7 6. e4 Nxe4 7. Nxe4 dxe4 8. Qxe4 Bb4+ 9. Bd2 Bxd2+ 10. Nxd2 O-O 11. Be2 Re8 12. f4 c5 13. O-O-O Qa5 14. a3 cxd4 15. Qxd4 e5 16. Qe3 Nf6 17. Nb3 Qc7 18. fxe5 Rxe5 19. Rd8+ Qxd8 20. Qxe5 Be6 21. Rd1 Nd7 22. Qf4 Rc8 23. Kb1 g6 24. Qd6 Qc7 25. Qxc7 Rxc7 26. Nd2 Ne5 27. b3 Kg7 28. Nf3 Kf6 29. Kb2 Nxf3 30. Bxf3 Ke5 31. Kc3 b5 32. Bd5 bxc4 33. bxc4 Bxd5 34. Rxd5+ Ke4 35. Rd2 Ke3 36. Rc2 a5 37. Rb2 f5 38. Rb5 Kf2 39. Rb2+ Ke3 40. Rb5 Kf2 41. Rb2+ Ke3 1/2-1/2


[Site "https://www.chess.com"]

[Event "Titled Tuesday Blitz April 25 Early 2023"]
[White "Duda, Jan-Krzysztof"]
[Black "Galchenko, Matvey"]
[WhiteFideId "1170546"]
[BlackFideId "24175480"]
[WhiteElo "2790"]
[BlackElo "2423"]
[Result "1-0"]
[Round "05"]
[TimeControl "180+2"]
[Date "2023.04.25"]
[WhiteClock "0:00:19"]
[BlackClock "0:00:02"]

1. e4 e6 2. d4 d5 3. Nc3 Bb4 4. e5 Ne7 5. a3 Bxc3+ 6. bxc3 c5 7. h4 Qc7 8. Nf3 b6 9. Bb5+ Bd7 10. a4 Bxb5 11. axb5 a5 12. bxa6 Rxa6 13. Rb1 Nd7 14. h5 h6 15. O-O O-O 16. Qd3 Ra2 17. Rb2 Rxb2 18. Bxb2 cxd4 19. cxd4 Rc8 20. Ba3 Nc6 21. Bd6 Qa7 22. g4 Nf8 23. g5 Ne7 24. gxh6 gxh6 25. Nh4 Nh7 26. f4 Kh8 27. f5 Rg8+ 28. Kh2 Qd7 29. f6 Nf5 30. Nxf5 exf5 31. Qxf5 Qb5 32. e6 fxe6 33. Qd3 Qd7 34. Be5 Qf7 35. Qg6 Rf8 36. Qg7+ 1-0


[Site "https://www.chess.com"]

[Event "Titled Tuesday Blitz April 25 Early 2023"]
[White "Harsha Bharathakoti"]
[Black "Lazavik, Denis"]
[WhiteFideId "5078776"]
[BlackFideId "13515110"]
[WhiteElo "2504"]
[BlackElo "2560"]
[Result "1/2-1/2"]
[Round "05"]
[TimeControl "180+2"]
[Date "2023.04.25"]
[WhiteClock "0:00:08"]
[BlackClock "0:00:07"]

1. Nf3 d5 2. g3 c6 3. Bg2 Bf5 4. c4 e6 5. Qb3 Qb6 6. d3 Nd7 7. Nc3 Ngf6 8. Be3 Bc5 9. Bxc5 Nxc5 10. Qxb6 axb6 11. cxd5 exd5 12. Nd4 Bd7 13. a3 Ne6 14. Nxe6 Bxe6 15. e3 Ke7 16. h3 Rhd8 17. Ne2 h5 18. Rc1 Nd7 19. Nf4 g6 20. d4 Bf5 21. Bf3 Nf6 22. Ke2 Rh8 23. Nd3 Bxd3+ 24. Kxd3 b5 25. g4 hxg4 26. hxg4 Kd6 27. g5 Nd7 28. Bg4 Nb6 29. Rxh8 Rxh8 30. b3 Rh2 31. Ke2 Rh8 32. Kf3 Ra8 33. Ra1 Nd7 34. Bxd7 Kxd7 35. Kf4 Ke6 36. a4 bxa4 37. bxa4 b6 38. Rb1 Ra6 39. f3 Kd6 40. e4 Rxa4 41. Rxb6 Rxd4 42. Rb7 Ke6 43. Rc7 Rc4 44. Ke3 dxe4 45. fxe4 Rc1 46. Kd4 f5 47. gxf6 Kxf6 48. Rc8 g5 49. e5+ Kf5 50. Rf8+ Kg4 51. e6 Re1 52. Rf6 Kh3 53. Kc5 g4 54. Kxc6 g3 55. Kd7 g2 56. Rg6 g1=Q 57. Rxg1 Rxg1 58. e7 Re1 59. e8=Q Rxe8 60. Kxe8 1/2-1/2


[Site "https://www.chess.com"]

[Event "Titled Tuesday Blitz April 25 Early 2023"]
[White "Paravyan, David"]
[Black "Janik, Igor"]
[WhiteFideId "4194985"]
[BlackFideId "1159259"]
[WhiteElo "2563"]
[BlackElo "2484"]
[Result "1/2-1/2"]
[Round "05"]
[TimeControl "180+2"]
[Date "2023.04.25"]
[WhiteClock "0:00:52"]
[BlackClock "0:00:32"]

1. e4 c6 2. d4 d5 3. e5 c5 4. Nf3 Bg4 5. dxc5 e6 6. Be3 Ne7 7. c3 Nd7 8. Nbd2 Nc6 9. b4 a5 10. a3 Ncxe5 11. Bb5 Nxf3+ 12. Nxf3 Be7 13. O-O O-O 14. Bxd7 Bxf3 15. Qxf3 Qxd7 16. Bd4 Rfd8 17. Rad1 f6 18. c4 axb4 19. axb4 e5 20. cxd5 exd4 21. d6 Bxd6 22. cxd6 Qxd6 23. Qxb7 Rab8 24. Qe4 d3 25. Qc4+ Qd5 26. Qxd5+ Rxd5 27. Rd2 Rxb4 28. Rfd1 Rb3 29. f3 Kf7 30. Kf2 Ke6 31. Ke3 Re5+ 32. Kf2 Rd5 33. Ke3 f5 34. Rxd3 1/2-1/2


[Site "https://www.chess.com"]

[Event "Titled Tuesday Blitz April 25 Early 2023"]
[White "Kosakowski, Jakub"]
[Black "Korobov, Anton"]
[WhiteFideId "1185080"]
[BlackFideId "14105730"]
[WhiteElo "2488"]
[BlackElo "2638"]
[Result "0-1"]
[Round "05"]
[TimeControl "180+2"]
[Date "2023.04.25"]
[WhiteClock "0:00:01"]
[BlackClock "0:00:35"]

1. e4 c5 2. Nf3 d6 3. d4 cxd4 4. Nxd4 Nf6 5. Nc3 a6 6. Be2 e6 7. Be3 Nfd7 8. a4 b6 9. Qd2 Bb7 10. f4 Nc6 11. O-O Be7 12. f5 Nxd4 13. Bxd4 Ne5 14. fxe6 fxe6 15. Qe3 Bf6 16. Bxb6 Qe7 17. Rad1 O-O 18. Qd2 Nf7 19. Bh5 g6 20. Be2 Rac8 21. Bd4 Ne5 22. Be3 Nf7 23. Bd4 Ne5 24. Be3 Nf7 25. Kh1 Bxc3 26. bxc3 Bxe4 27. Bxa6 Ra8 28. Bb5 d5 29. Kg1 Nd6 30. Bc5 Qc7 31. Qd4 Nf5 32. Qb4 Rf7 33. Rf2 Rc8 34. Bd4 e5 35. g4 Nh4 36. Be3 Nf3+ 37. Kf1 Nxh2+ 38. Ke1 Nxg4 39. Rxf7 Qxf7 40. Bg1 Qf3 41. Qd6 Qxc3+ 42. Kf1 Rf8+ 0-1


[Site "https://www.chess.com"]

[Event "Titled Tuesday Blitz April 25 Early 2023"]
[White "Milikow, Yoav"]
[Black "Nguyen, Ngoc Truong Son"]
[WhiteFideId "2822237"]
[BlackFideId "12401110"]
[WhiteElo "2410"]
[BlackElo "2556"]
[Result "0-1"]
[Round "05"]
[TimeControl "180+2"]
[Date "2023.04.25"]
[WhiteClock "0:00:04"]
[BlackClock "0:00:49"]

1. d4 d5 2. c4 c6 3. Nf3 Nf6 4. g3 dxc4 5. Bg2 b5 6. O-O e6 7. b3 cxb3 8. Qxb3 Be7 9. Rd1 O-O 10. Ne5 Bb7 11. Nc3 Nd5 12. Ne4 Nd7 13. Nxd7 Qxd7 14. Nc5 Bxc5 15. dxc5 Qe7 16. e4 Nf6 17. Qc3 Rfd8 18. Bf4 Ne8 19. Rdc1 a5 20. a3 Rd7 21. h4 Qd8 22. Bg5 f6 23. Be3 e5 24. Bh3 Rd3 25. Qc2 Bc8 26. Rd1 Rxd1+ 27. Rxd1 Qe7 28. Qb3+ Kf8 29. Bf1 Be6 30. Qc3 Rd8 31. Re1 Qc7 32. f4 Kg8 33. f5 Bf7 34. Re2 Bc4 35. Rd2 Bxf1 36. Kxf1 Rxd2 37. Bxd2 a4 38. Qd3 Kf7 39. Qe2 g6 40. Bb4 Qd7 41. Qa2+ Kg7 42. Qc2 h5 43. Kf2 gxf5 44. exf5 Kh7 45. Ke3 Ng7 46. Qe2 Qd4+ 47. Kf3 Qg4+ 48. Kf2 Qxe2+ 49. Kxe2 Nxf5 50. Kf3 Kg6 0-1


[Site "https://www.chess.com"]

[Event "Titled Tuesday Blitz April 25 Early 2023"]
[White "Mahdavi, Reza"]
[Black "Pranesh M"]
[WhiteFideId "12595926"]
[BlackFideId "35028600"]
[WhiteElo "2357"]
[BlackElo "2437"]
[Result "0-1"]
[Round "05"]
[TimeControl "180+2"]
[Date "2023.04.25"]
[WhiteClock "0:00:01"]
[BlackClock "0:00:16"]

1. Nf3 Nf6 2. g3 Nc6 3. d4 d5 4. Bg2 g6 5. O-O Bg7 6. b3 O-O 7. Bb2 Ne4 8. c4 dxc4 9. bxc4 Bg4 10. e3 Na5 11. Qc2 Nd6 12. Nbd2 c5 13. dxc5 Bxb2 14. Qxb2 Ndxc4 15. Nxc4 Nxc4 16. Qxb7 Rc8 17. Qxa7 Bxf3 18. Bxf3 Nd2 19. Bg2 Nxf1 20. Rxf1 e6 21. a4 Qd2 22. c6 Ra8 23. Qc5 Rfc8 24. Ra1 Rxa4 25. Rxa4 Qd1+ 26. Bf1 Qxa4 27. Bb5 Qd1+ 28. Kg2 Qd8 29. h4 h5 30. Ba6 Rc7 31. e4 Qe7 32. Qc3 Qd6 33. Bb7 Re7 34. Qa1 Qc7 35. Qf6 e5 36. Qf3 Kg7 37. Qc3 Re6 38. Qc4 Re8 39. Kh2 Rd8 40. Kg2 Rd4 41. Qc2 Rd8 42. Qc3 Re8 43. Ba6 Kg8 44. Bb7 Rd8 45. Ba6 Rb8 46. Bc4 Qd6 47. Bd5 Rc8 48. Qf3 Rc7 49. Qe3 Kg7 50. Qg5 Ra7 51. Qc1 Qe7 52. Qc3 Kf8 53. Qf3 Kg7 54. Qb3 Rc7 55. Qc3 Qd6 56. f4 Kf6 57. Kh2 Re7 58. Qb2 Qc7 59. Qc3 Kg7 60. f5 gxf5 61. exf5 f6 62. Qf3 Kh6 63. Qe3+ Kg7 64. Qf3 Qd6 65. Be4 Qd2+ 66. Kh3 Kh6 67. Qa3 Qd8 68. Qc1+ Kh7 69. Qc3 Rg7 70. Qf3 Kh6 71. Qe3+ Kh7 72. Qc3 Qd1 73. c7 Qg4+ 74. Kh2 Qxe4 75. c8=Q Qe2+ 76. Kg1 Qd1+ 77. Kf2 Rd7 78. Qe3 Rd2+ 79. Qxd2 Qxd2+ 80. Kf3 Qd3+ 81. Kf2 Qd2+ 82. Kf3 Qd3+ 83. Kf2 e4 84. Qc7+ Kh6 85. Qf4+ Kg7 86. Qc7+ Kh6 87. Qf4+ Kh7 88. Qe3 Qc2+ 89. Qe2 Qc5+ 90. Kg2 Qxf5 91. Qe3 Kg6 92. Qe2 Qd5 93. Qe3 Qa2+ 94. Kh3 Qe6+ 95. Kg2 Qg4 96. Qa7 Qe2+ 97. Kh3 Qf1+ 98. Kh2 Qe2+ 99. Kh3 e3 100. Qe7 Qf1+ 101. Kh2 Qf2+ 102. Kh3 Qf5+ 103. Kh2 Qe5 104. Qd8 e2 105. Qg8+ Kf5 106. Qc8+ Ke4 107. Qc4+ Kf3 108. Qd3+ Kf2 0-1


[Site "https://www.chess.com"]

[Event "Titled Tuesday Blitz April 25 Early 2023"]
[White "Sieciechowicz, Marcin"]
[Black "Gukesh D"]
[WhiteFideId "1130170"]
[BlackFideId "46616543"]
[WhiteElo "2302"]
[BlackElo "2612"]
[Result "0-1"]
[Round "05"]
[TimeControl "180+2"]
[Date "2023.04.25"]
[WhiteClock "0:00:05"]
[BlackClock "0:00:05"]

1. d4 Nf6 2. c4 e6 3. Nc3 d5 4. cxd5 exd5 5. Bg5 Bb4 6. e3 h6 7. Bxf6 Qxf6 8. Qa4+ Nc6 9. Nf3 O-O 10. Rc1 Rd8 11. Be2 Bg4 12. O-O a6 13. h3 Bf5 14. Ne5 Bxc3 15. Nxc6 Bd7 16. Rxc3 Bxc6 17. Qc2 Rd6 18. Rc1 Qg5 19. f4 Qf6 20. Bf3 Re8 21. Qf2 Re7 22. b4 g5 23. Bg4 gxf4 24. Rf1 Bb5 25. Re1 fxe3 26. Qxf6 Rxf6 27. Rcxe3 Rf1+ 28. Rxf1 Rxe3 29. Rf5 c6 30. Bh5 Re7 31. Kh2 Kg7 32. Kg3 Bd3 33. Rf4 Be2 34. Bg4 Bxg4 35. Rxg4+ Kf8 36. Rh4 Re6 37. Kf3 b6 38. a4 Kg7 39. a5 bxa5 40. bxa5 f5 41. g4 Re4 42. Rh5 fxg4+ 43. hxg4 Rxd4 44. Re5 Ra4 45. Re6 Rc4 46. Kg3 d4 47. Kf3 c5 48. Rxa6 Rc3+ 49. Ke2 c4 50. Rd6 d3+ 51. Ke3 Ra3 52. Rd4 Rxa5 53. Rxc4 Rd5 54. Kd2 Kg6 55. Rc6+ Kg5 56. Ra6 Rd4 57. Rb6 Rd7 58. Ra6 Rd4 59. Rb6 Rxg4 60. Kxd3 Rf4 61. Ke3 Rf5 62. Rb8 h5 63. Rg8+ Kh4 64. Ke4 Rf1 65. Ke3 Kh3 66. Ke2 Rf6 67. Ke3 h4 68. Ke2 Kh2 69. Ke1 h3 70. Ke2 Rf5 71. Ke1 Rf3 72. Ke2 Rg3 73. Rf8 Kg2 74. Rf2+ Kh1 75. Rf1+ Rg1 76. Kf2 h2 77. Ke2 Kg2 0-1


[Site "https://www.chess.com"]

[Event "Titled Tuesday Blitz April 25 Early 2023"]
[White "Demchenko, Anton"]
[Black "Aradhya, Garg"]
[WhiteFideId "4160258"]
[BlackFideId "25006746"]
[WhiteElo "2545"]
[BlackElo "2263"]
[Result "1-0"]
[Round "05"]
[TimeControl "180+2"]
[Date "2023.04.25"]
[WhiteClock "0:00:02"]
[BlackClock "0:00:15"]

1. e4 e5 2. Nf3 Nc6 3. Bc4 Nf6 4. d3 h6 5. a4 a5 6. Nc3 Bb4 7. O-O Bxc3 8. bxc3 d6 9. Bb3 O-O 10. h3 Ne7 11. Nh4 Kh8 12. f4 Ng6 13. Nxg6+ fxg6 14. fxe5 dxe5 15. Be3 b6 16. Qd2 Qe7 17. Rf2 Be6 18. Raf1 g5 19. Bxe6 Qxe6 20. c4 Rfd8 21. Qc3 g4 22. Bxh6 Nd7 23. Bg5 Rf8 24. hxg4 Qxg4 25. Be3 Qe6 26. Qe1 Kg8 27. Rf5 g6 28. R5f3 Rxf3 29. Rxf3 Rf8 30. Rxf8+ Nxf8 31. Qh4 Qd6 32. Bh6 Nd7 33. Qd8+ Kh7 34. Be3 Kg7 35. Qe8 Nc5 36. Kf1 Ne6 37. Ke2 Nd4+ 38. Bxd4 exd4 39. Qb5 Qf4 40. Qd7+ Kh6 41. Qh3+ Kg5 42. Qf3 Qc1 43. Qg3+ Kh5 44. Qh2+ Kg5 45. Qe5+ Kh6 46. Qxd4 Qxc2+ 47. Kf3 Qd1+ 48. Kg3 Qxa4 49. Qh8+ Kg5 50. Qh4# 1-0


[Site "https://www.chess.com"]

[Event "Titled Tuesday Blitz April 25 Early 2023"]
[White "Tari, Aryan"]
[Black "Bilych, Olexiy"]
[WhiteFideId "1510045"]
[BlackFideId "14156504"]
[WhiteElo "2561"]
[BlackElo "2320"]
[Result "0-1"]
[Round "05"]
[TimeControl "180+2"]
[Date "2023.04.25"]
[WhiteClock "0:00:06"]
[BlackClock "0:00:16"]

1. e4 c5 2. Nf3 d6 3. d4 cxd4 4. Qxd4 Nc6 5. Bb5 a6 6. Bxc6+ bxc6 7. c4 e5 8. Qd3 Qc7 9. O-O h6 10. Nc3 Nf6 11. h3 Be7 12. Be3 O-O 13. Rac1 Be6 14. Nd5 cxd5 15. cxd5 Qb7 16. dxe6 Qxe4 17. Qxe4 Nxe4 18. Rc7 Rfe8 19. exf7+ Kxf7 20. Rfc1 Ke6 21. Ne1 Nf6 22. R7c6 Nd5 23. Bd2 Reb8 24. Nd3 Kd7 25. R6c4 Bf6 26. b3 Rc8 27. Kf1 Nb6 28. Rb4 Rxc1+ 29. Bxc1 Nd5 30. Ra4 Nc3 31. Ra5 Bd8 32. Ra3 Nb5 33. Ra4 Nc3 34. Rg4 g5 35. Bd2 Nd5 36. Ra4 Nb6 37. Ra3 e4 38. Nb2 Bf6 39. Na4 Nd5 40. b4 Rc8 41. Ke1 Bd4 42. Rb3 Rc2 43. b5 axb5 44. Rxb5 Nc7 45. Rb4 Bxf2+ 46. Kd1 Rxa2 47. Nc3 Ra1+ 48. Ke2 e3 49. Bxe3 Bxe3 50. Kxe3 Ra3 51. Kd4 Rxc3 52. Kxc3 Nd5+ 53. Kc4 Nxb4 54. Kxb4 Ke6 55. Kc4 Ke5 56. Kd3 Kf4 57. Kd4 Kg3 0-1


[Site "https://www.chess.com"]

[Event "Titled Tuesday Blitz April 25 Early 2023"]
[White "Sarana, Alexey"]
[Black "Pakleza, Zbigniew"]
[WhiteFideId "24133795"]
[BlackFideId "1119290"]
[WhiteElo "2714"]
[BlackElo "2410"]
[Result "1-0"]
[Round "05"]
[TimeControl "180+2"]
[Date "2023.04.25"]
[WhiteClock "0:00:04"]
[BlackClock "0:00:01"]

1. c4 c6 2. Nf3 d5 3. d4 Nf6 4. Nc3 Qb6 5. e3 Bf5 6. Be2 e6 7. Nh4 Be4 8. O-O Be7 9. g3 O-O 10. Nxe4 Nxe4 11. Ng2 Rd8 12. Qc2 Nd7 13. Bd3 Nef6 14. c5 Qc7 15. b4 e5 16. f4 e4 17. Be2 b6 18. cxb6 axb6 19. b5 c5 20. Bb2 c4 21. a4 Bb4 22. g4 Ra7 23. g5 Ne8 24. Bg4 Nd6 25. Rfb1 f5 26. gxf6 Nxf6 27. Bh3 Qe7 28. Kh1 Rda8 29. Rg1 Kh8 30. Nh4 Ng8 31. Rg5 c3 32. Bc1 Qf7 33. Qb3 Ba5 34. Ra2 Nc4 35. Rag2 Nh6 36. Nf5 Qf6 37. Nxg7 Rxg7 38. Rxg7 Qh4 39. R7g3 Nf7 40. Qd1 Nfd6 41. Qg1 h5 42. Rg8+ 1-0


[Site "https://www.chess.com"]

[Event "Titled Tuesday Blitz April 25 Early 2023"]
[White "Horvath, Dominik"]
[Black "So, Wesley"]
[WhiteFideId "1642561"]
[BlackFideId "5202213"]
[WhiteElo "2407"]
[BlackElo "2749"]
[Result "0-1"]
[Round "05"]
[TimeControl "180+2"]
[Date "2023.04.25"]
[WhiteClock "0:00:03"]
[BlackClock "0:00:24"]

1. d4 d5 2. c4 e6 3. Nf3 Nf6 4. Nc3 a6 5. cxd5 exd5 6. Bf4 Bd6 7. Bxd6 Qxd6 8. e3 O-O 9. Bd3 Re8 10. h3 Nc6 11. O-O Ne7 12. Ne5 Bf5 13. Bxf5 Nxf5 14. Qb3 Rab8 15. Nd3 c6 16. Qb4 Qc7 17. Rac1 h5 18. a4 Re7 19. a5 Rbe8 20. Ne5 Re6 21. Qa4 Qd8 22. Qc2 g6 23. b4 Nd6 24. Na4 Nfe4 25. Nc5 Nxc5 26. bxc5 Nb5 27. Ra1 Kg7 28. Nd3 Qg5 29. Nf4 Re4 30. Ne2 Qf6 31. Nc3 R4e6 32. Nxb5 axb5 33. a6 bxa6 34. Rxa6 g5 35. Ra7 g4 36. Kh2 Rxe3 37. fxe3 Qxf1 38. e4 Rxe4 39. Qd2 Qf6 40. Rc7 Rxd4 41. Qe3 Re4 42. Qd2 Qe5+ 0-1


[Site "https://www.chess.com"]